 Dungeon Crawl Stone Soup version 0.22-a0-354-g30dfbe6 (webtiles) character file.

3190 Amnesiac the Reanimator (level 9, -3/61 HPs)
             Began as a Mummy Necromancer on Apr 17, 2018.
             Was a Priest of Sif Muna.
             Slain by a two-headed ogre
             ... wielding a +0 giant club
              (18 damage)
             ... on level 8 of the Dungeon.
             The game lasted 00:14:28 (7409 turns).

Amnesiac the Reanimator (Mummy Necromancer)         Turns: 7409, Time: 00:14:29

Health: -3/61      AC:  6    Str: 11    XL:     9   Next: 64%
Magic:  21/21      EV: 12    Int: 18    God:    Sif Muna [***...]
Gold:   211        SH:  5    Dex: 12    Spells: 22/25 levels left

rFire    x . .     SeeInvis .   a - +4 dagger (venom)
rCold    + . .     Gourm    .   f - +0 buckler
rNeg     + + +     Faith    .   c - +0 leather armour {rPois}
rPois    ∞         Spirit   .   n - +0 helmet
rElec    .         Reflect  .   r - +0 cloak
rCorr    .         Harm     .   h - +0 pair of gloves
MR       +....                  (no boots)
Stlth    +.........             (no amulet)
HPRegen  0.20/turn              l - ring of wizardry
MPRegen  0.17/turn              (no ring)

@: divine energy
A: no food or potions, fire vulnerability, cold resistance 1, negative energy
resistance 3, torment resistance, unbreathing
a: Stop Divine Energy, Channel Magic, Renounce Religion


You were on level 8 of the Dungeon.
You worshipped Sif Muna.
Sif Muna was most pleased with you.
You were not hungry.

You visited 1 branch of the dungeon, and saw 8 of its levels.

You collected 325 gold pieces.
You spent 114 gold pieces at shops.

Inventory:

Hand Weapons
 a - a +4 dagger of venom (weapon)
 b - a +0 hunting sling
Missiles
 g - 147 stones (quivered)
 i - 8 sling bullets
Armour
 c - a +0 leather armour of poison resistance (worn)
 f - a +0 buckler (worn)
 h - a +0 pair of gloves (worn)
 n - a +0 helmet (worn)
 r - a +0 cloak (worn)
Jewellery
 l - a ring of wizardry (left hand)
Wands
 p - a wand of disintegration (5)
 q - a wand of enslavement (12)
Scrolls
 d - 5 scrolls of teleportation {!r}
 e - 7 scrolls of identify {!r}
 k - 4 scrolls of amnesia {!r}
 m - 2 scrolls of enchant armour {!r}
 o - 3 scrolls of remove curse {!r}


   Skills:
 - Level 2.2 Fighting
 - Level 3.3 Dodging
 - Level 1.5 Stealth
 - Level 4.0 Shields
 + Level 8.6 Spellcasting
 * Level 10.4 Necromancy


You had 22 spell levels left.
You knew the following spells:

 Your Spells              Type           Power        Failure   Level  Hunger
d - Vampiric Draining     Necr           #####.....   1%          3    N/A

Dungeon Overview and Level Annotations

Branches:
Dungeon (8/15)             Temple (0/1) D:6
   Lair: D:8-11

Altars:
Gozag
Nemelex Xobeh
Okawaru
Sif Muna
Uskayaw
Vehumet
The Shining One

Shops:
D:6 ?   D:8 *


Innate Abilities, Weirdness & Mutations

You do not eat or drink.
Your flesh is vulnerable to fire.
You are immune to poison.
Your flesh is cold resistant. (rC+)
You are immune to negative energy. (rN+++)
You are immune to unholy pain and torment.
You can survive without breathing.


Message History

You hit the adder.
The adder is poisoned.
The adder is moderately wounded.
You block the adder's attack. The adder bites you but does no damage.
You closely miss the adder.
The adder is moderately wounded.
The adder closely misses you.
You closely miss the adder.
The adder is moderately wounded.
The adder bites you but does no damage.
You barely miss the adder.
The adder is moderately wounded.
The adder barely misses you. The adder closely misses you.
You hit the adder but do no damage.
The adder looks as sick as possible!
The adder is heavily wounded.
The adder bites you but does no damage.
You miss the adder.
The adder is heavily wounded.
The adder barely misses you.
You hit the adder.
The adder looks as sick as possible!
The adder is almost dead.
The adder bites you but does no damage. The adder closely misses you.
You closely miss the adder.
The adder is almost dead.
You kill the adder!
Sif Muna accepts your kill.
No target in view!
There is an open door here.
You see here a robe.
Key pressed, stopping explore.
Done exploring.
Done exploring.
Done exploring.
There is a stone staircase leading down here.
You climb downwards. 4 orcs and a centaur come into view.
The orc warrior shouts!
The orc wizard shouts!
The orc shouts!
The orc priest shouts!
Found 9 gold pieces and a moonstone ring.
Found an escape hatch in the floor.
There is a stone staircase leading up here.
The centaur wields a shortbow.
The centaur shoots an arrow.
The arrow hits you!
You climb upwards.
There is a stone staircase leading down here.
You see here 7 javelins of returning.
There is a stone staircase leading down here.
You climb downwards.
An iguana, an adder, a worker ant and a two-headed ogre come into view.
The two-headed ogre shouts in stereo!
The adder hisses angrily.
The two-headed ogre hits you with a giant club! x2
* * * LOW HITPOINT WARNING * * *
Found Fizxuanae's Fabulous Fripperies.
Found two stone staircases leading down.
There is a stone staircase leading up here.
Really read
j - a scroll of fear {!r}?
As you read the scroll of fear {!r}, it crumbles to dust.
You assume a fearsome visage.
The worker ant looks frightened!
The two-headed ogre looks frightened!
The adder looks frightened!
The iguana looks frightened!
Found 9 gold pieces.
The two-headed ogre seems to regain its courage.
The two-headed ogre hits you with a giant club!
* * * LOW HITPOINT WARNING * * *
The two-headed ogre hits you with a giant club!!
You die...

##$ ###.a.S
###O.....#
##.@......#
##......∩..#
#..........#
...
#<........##
..###
#..........#
#.....
#..........#
......
#.....>....#
##......
#.......>..#
#.......
#.........##
##.......


You could see a two-headed ogre, a worker ant (fleeing) and an adder (fleeing).

Vanquished Creatures
  A hippogriff (D:7)
  Duvessa (D:5)
  3 orc warriors
  4 ice beasts
  3 sky beasts
  An ogre (D:4)
  A necrophage (D:5)
  4 bullfrogs
  A wyvern zombie (D:6)
  A wyvern skeleton (D:6)
  Dowan (D:6)
  4 howler monkeys
  3 wights (D:6)
  2 crimson imps (D:5)
  6 hounds
  3 jellies
  4 bullfrog skeletons (D:5)
  3 orc priests
  4 orc wizards
  4 iguanas
  Jessica (D:2)
  Natasha (thrice) (D:2 D:4)
  3 worker ants
  9 adders
  3 gnolls (D:5)
  3 shadow imps
  3 oozes
  3 adder skeletons
  A worm (D:3)
  5 leopard geckos
  22 orcs
  A ball python (D:5)
  2 giant cockroaches
  5 goblins
  6 hobgoblins
  10 jackals
  8 quokkas
  9 bats
  6 frilled lizards
  A jackal zombie (D:5)
  12 kobolds
  A leopard gecko skeleton (D:4)
  A quokka zombie (D:5)
  6 rats
178 creatures vanquished.

Notes
Turn   | Place    | Note
-------+----------+-------------------------------------------
     0 | D:1      | Amnesiac the Mummy Necromancer began the quest for the Orb.
     0 | D:1      | Reached XP level 1. HP: 13/13 MP: 4/4
    98 | D:1      | Reached XP level 2. HP: 20/20 MP: 0/5
   239 | D:1      | Reached skill level 1 in Fighting
  1055 | D:2      | Reached XP level 3. HP: 24/26 MP: 2/7
  1060 | D:2      | Learned a level 3 spell: Vampiric Draining
  1179 | D:2      | Reached skill level 1 in Shields
  1431 | D:2      | Noticed Jessica
  1438 | D:2      | Noticed Natasha
  1438 | D:2      | Killed Jessica
  1438 | D:2      | Reached XP level 4. HP: 32/32 MP: 1/8
  1548 | D:3      | Found an iron altar of Okawaru.
  1722 | D:2      | Killed Natasha
  1812 | D:2      | Noticed Natasha
  1818 | D:2      | HP: 1/32 [Natasha (6)]
  1819 | D:2      | Killed Natasha
  1819 | D:2      | Reached XP level 5. HP: 1/37 MP: 0/9
  2894 | D:3      | Found a sparkling altar of Nemelex Xobeh.
  3336 | D:4      | Reached XP level 6. HP: 44/44 MP: 10/10
  3607 | D:4      | Found a deep blue altar of Sif Muna.
  3612 | D:4      | Became a worshipper of Sif Muna the Loreminder
  3811 | D:4      | Noticed Natasha
  3820 | D:4      | Killed Natasha
  4057 | D:4      | Reached XP level 7. HP: 31/50 MP: 5/12
  4098 | D:4      | Reached skill level 5 in Necromancy
  4373 | D:5      | Entered Level 5 of the Dungeon
  4390 | D:5      | Reached * piety under Sif Muna
  4390 | D:5      | Reached skill level 6 in Necromancy
  4495 | D:5      | Reached skill level 5 in Spellcasting
  4537 | D:5      | Reached XP level 8. HP: 50/56 MP: 0/15
  4874 | D:5      | Reached skill level 7 in Necromancy
  5157 | D:6      | Found a staircase to the Ecumenical Temple.
  5222 | D:6      | Found Hienuot's Magic Scroll Emporium.
  5235 | D:6      | Bought a scroll of identify for 24 gold pieces
  5241 | D:6      | Bought a scroll of enchant armour for 90 gold pieces
  5278 | D:6      | Reached ** piety under Sif Muna
  5612 | D:6      | Noticed Dowan
  5638 | D:6      | Killed Dowan
  5650 | D:6      | Noticed Duvessa
  5666 | D:5      | Killed Duvessa
  5666 | D:5      | Reached skill level 8 in Necromancy
  5933 | D:6      | Reached XP level 9. HP: 46/61 MP: 12/19
  6098 | D:6      | Reached skill level 9 in Necromancy
  6468 | D:6      | Found a hide-covered altar of Uskayaw.
  6670 | D:6      | Reached *** piety under Sif Muna
  6924 | D:7      | Reached skill level 10 in Necromancy
  6928 | D:7      | Found a radiant altar of Vehumet.
  7001 | D:7      | Found an opulent altar of Gozag.
  7308 | D:7      | Found a glowing golden altar of the Shining One.
  7404 | D:8      | Found Fizxuanae's Fabulous Fripperies.
  7404 | D:8      | Noticed a two-headed ogre
  7409 | D:8      | Slain by a two-headed ogre

Vault maps used:
D:1:      lightli_arrival_maybe_door_vault
D:2:      minmay_split_cup_small, uniq_natasha, uniq_jessica
D:3:      okawaru_metal_pillars_3, nemelex_xobeh_ov_fountains_minmay
D:4:      lemuel_crystal_altar, first_ration
D:6:      kennysheep_mini_moat, minmay_temple_entry_overgrown, serial_shops,
          shop, uniq_duvessa
D:7:      grunt_gozag_breadcrumbs, kennysheep_little_box, fiery_altar_vehumet
D:8:      minmay_the_grid_triangle_9x9_rhombus_full, erik_lair_orcish_takeover,
          nicolae_alphabet_shops

Skill      XL: |  1  2  3  4  5  6  7  8  9 |
---------------+----------------------------+-----
Dodging        | 2 3 |  3.3
Fighting       | 1 2 |  2.2
Shields        | 2 3 4 |  4.0
Spellcasting   | 3 5 7 8 |  8.6
Necromancy     | 6 8 10 | 10.4
Stealth        | |  1.5

Action                   |  1- 3 |  4- 6 |  7- 9 || total
-------------------------+-------+-------+-------++-------
Melee: Dagger            |    22 |   160 |   291 ||   473
 Fire: Hunting sling     |     7 |     8 |    62 ||    77
 Cast: Pain              |    69 |    34 |       ||   103
       Vampiric Draining |       |    13 |    73 ||    86
Invok: Divine Energy     |       |       |     1 ||     1
Evoke: Wand              |       |       |     6 ||     6
  Use: Scroll            |       |     8 |     3 ||    11
 Stab: Sleeping          |       |     5 |     1 ||     6
       Distracted        |       |       |     1 ||     1
Armor: Leather armour    |    21 |    26 |    67 ||   114
Dodge: Dodged            |    50 |   103 |   201 ||   354
Block: Buckler           |     5 |    32 |    72 ||   109

Table legend:
 A = Spawn XP
 B = Non-spawn XP
 C = Spawn XP percentage of total XP
 D = Spawn monster count
 E = Non-spawn monster count
 F = Spawn count percentage of total count
 G = Total turns spent on level
                    A         B        C        D         E        F      G
               +---------+---------+-------+---------+---------+-------+---------
         Total |       0 |    4558 |   0.0 |       0 |     178 |   0.0 |  7409
               +---------+---------+-------+---------+---------+-------+---------
           D:1 |       0 |      39 |   0.0 |       0 |      25 |   0.0 |  1052
           D:2 |       0 |     181 |   0.0 |       0 |      24 |   0.0 |  1368
           D:3 |       0 |     115 |   0.0 |       0 |      25 |   0.0 |   893
           D:4 |       0 |     770 |   0.0 |       0 |      32 |   0.0 |  1060
           D:5 |       0 |     920 |   0.0 |       0 |      25 |   0.0 |  1092
           D:6 |       0 |    1546 |   0.0 |       0 |      27 |   0.0 |  1348
           D:7 |       0 |     987 |   0.0 |       0 |      20 |   0.0 |   589
               +---------+---------+-------+---------+---------+-------+---------
